 Dungeon Crawl Stone Soup version 0.26.0-45-g9c1d065592 (webtiles) character file.

Game seed: 7745016225050249537

(classic levelgen) 221 thiole the Stinger (level 5, -13/36 HPs)
             Began as an Octopode Venom Mage on Jan 30, 2021.
             Mangled by an ogre
             ... wielding a +0 giant spiked club
              (28 damage)
             ... on level 4 of the Dungeon.
             The game lasted 00:06:38 (4282 turns).

thiole the Stinger (Octopode Venom Mage)            Turns: 4282, Time: 00:06:39

Health: -13/36     AC:  1    Str:  7    XL:     5   Next: 98%
Magic:  27/27      EV: 13    Int: 18    God:
Gold:   150        SH:  0    Dex: 13    Spells: 2/9 levels left

rFire    . . .     SeeInvis +   m - staff of poison
rCold    . . .     Faith    .   (no shield)
rNeg     . . .     Spirit   .   (helmet restricted)
rPois    +         Reflect  .   (no amulet)
rElec    .         Harm     .   h - ring of magical power
rCorr    .         Rampage  .   l - ring of see invisible
Will     .....                  n - ring of magical power
Stlth    +++.......             (no ring)
HPRegen  0.12/turn              (no ring)
MPRegen  0.20/turn              (no ring)
                                (no ring)
                                (no ring)

@: no status effects
A: almost no armour, stealthy swim, amphibious, 8 rings, constrict 8, camouflage
1, gelatinous body 1
a: no special abilities


You were on level 4 of the Dungeon.
You visited 1 branch of the dungeon, and saw 4 of its levels.

You collected 150 gold pieces.

Inventory:

Missiles
 e - 51 sling bullets
 j - 8 javelins
Magical Staves
 m - an uncursed staff of poison (weapon)
Jewellery
 h - a ring of magical power (left tentacle)
 l - a ring of see invisible (right tentacle)
 n - a ring of magical power (on tentacle)
Scrolls
 a - a scroll of teleportation {unknown}
 b - a scroll of blinking {unknown}
 c - 2 scrolls of identify {unknown}
 d - a scroll of magic mapping {unknown}
 f - 2 scrolls of remove curse {unknown}
 i - 2 scrolls of random uselessness {unknown}
 o - a scroll of fog {unknown}
Potions
 g - a potion of flight {unknown}
 k - a potion of invisibility {unknown}


   Skills:
 - Level 3.0 Fighting
 - Level 2.0 Dodging
 - Level 2.6 Stealth
 + Level 2.7 Spellcasting
 + Level 1.8 Summonings
 - Level 1.0 Transmutations
 + Level 1.7 Air Magic
 - Level 5.0 Poison Magic


You had 2 spell levels left.
You knew the following spells:

 Your Spells              Type           Power        Failure   Level
a - Sting                 Tmut/Pois      76%          4%          1
b - Mephitic Cloud        Conj/Pois/Air  15%          21%         3
c - Ignite Poison         Fire/Tmut/Pois 14%          22%         3

Your spell library contained the following spells:

 Spells                   Type           Power        Failure   Level
 Poisonous Vapours        Pois/Air       42%          6%          2
 Summon Small Mammal      Summ           32%          9%          1
 Call Imp                 Summ           8%           12%         2
 Olgreb's Toxic Radiance  Pois           30%          22%         4
 Call Canine Familiar     Summ           8%           24%         3
 Summon Guardian Golem    Hex/Summ       5%           34%         3
 Summon Lightning Spire   Summ/Air       8%           63%         4
 Summon Ice Beast         Ice/Summ       5%           75%         4


Dungeon Overview and Level Annotations

Branches:
Dungeon (4/15)
 Temple: D:4-7

Altars:
Trog


Innate Abilities, Weirdness & Mutations

You cannot wear most types of armour.
You are very stealthy in the water. (Stealth+)
You are amphibious.
You can wear up to eight rings at the same time.
You can use your tentacles to constrict eight enemies at once.
Your skin changes colour to match your surroundings (Stealth+).
Your rubbery body absorbs attacks. (AC +1, EV +1)


Message History

Things that are here:
a stone; a cursed -3 trident You see here a +0 club.
There is a stone staircase leading up here.
You see here 2 poisoned darts.
You see here a +0 club.
You see here a +0 dagger.
There is a stone staircase leading down here.
You climb downwards.
Found a club.
There is a stone staircase leading up here.
You climb upwards.
There is a stone staircase leading down here.
You climb downwards.
The ogre hits you with a +0 giant spiked club!!
Ouch! That really hurt!
There is a stone staircase leading up, spattered with blood here.
The ogre hits you with a +0 giant spiked club!!
Ouch! That really hurt!
You die...

##...#...#...#.... ## ..
... .'..##..##.#.# ...
#..# #.###..#
#####.....##.......
#...##...#..# #....#.#
#....[.###...#......#
##..##...
.......#.?........#.
##.. ....
.#......####....... ...
.... #.....##......## #.
.....#####..#####...†..#
......O@.....##.##..##..
.)........<.....##...##.
#...#..#............## .
##. #..##....####.###
....O....# #.#
............ ...
............#...##
.............##.##
...........#.


You could see an ogre.

Vanquished Creatures
  A centaur skeleton (D:4)
  A worker ant (D:4)
  5 adders
  A gnoll (D:1)
  A worm (D:2)
  6 dart slugs
  4 leopard geckos
  4 orcs
  6 giant cockroaches
  15 goblins
  7 hobgoblins
  3 jackals (D:2)
  8 kobolds
  4 quokkas
  7 bats
  8 frilled lizards
  A leopard gecko skeleton (D:2)
  9 rats
91 creatures vanquished.

Notes
Turn   | Place    | Note
-------+----------+-------------------------------------------
     0 | D:1      | thiole the Octopode Venom Mage began the quest for the Orb.
     0 | D:1      | Reached XP level 1. HP: 11/11 MP: 3/3
    64 | D:1      | Reached skill level 4 in Poison Magic
   113 | D:1      | Reached XP level 2. HP: 17/17 MP: 1/5
   712 | D:1      | Reached XP level 3. HP: 21/21 MP: 4/6
   784 | D:1      | Reached skill level 5 in Poison Magic
   964 | D:1      | Reached skill level 1 in Fighting
  1524 | D:2      | Found a faded altar of an unknown god.
  1536 | D:2      | Reached XP level 4. HP: 29/29 MP: 2/7
  2796 | D:3      | Reached XP level 5. HP: 30/36 MP: 6/8
  3001 | D:3      | Reached skill level 1 in Summonings
  3001 | D:3      | Reached skill level 1 in Air Magic
  3440 | D:3      | Learned a level 3 spell: Mephitic Cloud
  3444 | D:3      | Learned a level 3 spell: Ignite Poison
  3806 | D:4      | Noticed an ogre
  3844 | D:4      | Found a bloodstained altar of Trog.
  4282 | D:4      | Mangled by an ogre

Illustrated notes

Levels and vault maps discovered:
D:1:      amcnicky_arrival_double_pillar, layout_basic
D:2:      minmay_diamond_boxcup, layout_rooms,
          chequers_ecumenical_altar_simple_redux
D:3:      layout_rooms, minmay_misc_feat_diagonals, minmay_misc_feat_encased,
          minmay_misc_feat_rugged
D:4:      layout_cave_pools, nicolae_overflow_crystal_walls, hex_large,
          trog_butcher_becter, uniq_grinder

Skill      XL: |  1  2  3  4  5 |
---------------+----------------+-----
Poison Magic   | 4 5 |  5.0
Fighting       | 2 3 |  3.0
Summonings     | 1 |  1.8
Air Magic      | 1 |  1.7
Dodging        | |  2.0
Stealth        | |  2.6
Spellcasting   | |  2.7
Transmutations | |  1.0

Action                   |  1- 3 |  4- 6 || total
-------------------------+-------+-------++-------
Melee: Unarmed           |    17 |    21 ||    38
       Tentacles         |     2 |     4 ||     6
       Constrict         |     6 |    10 ||    16
       Staff             |       |    12 ||    12
 Cast: Sting             |    63 |    96 ||   159
 Stab: Sleeping          |     1 |     1 ||     2
Armor: Skin              |     2 |     4 ||     6
Dodge: Dodged            |    20 |    62 ||    82
